 Dungeon Crawl Stone Soup version 0.31.0-4-g52a2dc7128 (webtiles) character file.

Game seed: 13341433983685832912

84 dialectric the Sneak (level 4, 0/35 HPs)
             Began as a Demonspawn Delver on Jan 22, 2024.
             Succumbed to an adder's poison
             ... on level 2 of the Dungeon.
             The game lasted 00:02:31 (915 turns).

dialectric the Sneak (Demonspawn Delver)             Turns: 915, Time: 00:02:31

Health: 0/35       AC:  3    Str: 14    XL:     4   Next: 24%
Magic:  4/4        EV: 14    Int: 10    God:
Gold:   19         SH:  0    Dex: 15    Spells: 3/3 levels left

rFire   . . .        a - +0 mace
rCold   . . .        (no shield)
rNeg    . . .        b - +0 leather armour
rPois   .            (no helmet)
rElec   .            (no cloak)
rCorr   .            (no gloves)
SInv    .            (no boots)
Will    .....        (no amulet)
Stlth   +            (no ring)
HPRegen 0.25/turn    (no ring)
MPRegen 0.09/turn

%: no passive effects
@: lethally poisoned (0 -> -6), on fire, glowing
A: repulsion field 1, weakness stinger 1
a: no special abilities


You were on level 2 of the Dungeon.
You visited 1 branch of the dungeon, and saw 4 of its levels.
You also visited: Sewer.

You collected 19 gold pieces.

Inventory:

Hand Weapons
 a - a +0 mace (weapon)
Armour
 b - a +0 leather armour (worn)
 k - a +0 ring mail
Wands
 g - a wand of digging (3)
 i - a wand of iceblast (8)
 j - a wand of polymorph (9)
Scrolls
 c - 2 scrolls of fog
 d - a scroll of revelation
 e - a scroll of fear
 h - a scroll of enchant armour {unknown}
Potions
 f - a potion of haste


   Skills:
 - Level 3.1 Fighting
 + Level 2.6 Maces & Flails
 + Level 1.3 Armour
 * Level 2.4 Dodging
 + Level 5.0 Stealth


You had 3 spell levels left.
You didn't know any spells.
Your spell library was empty.

Dungeon Overview and Level Annotations

Branches:
Dungeon (5/15)              Sewer (visited)
 Temple: D:4-7

Altars:
Ashenzari

Annotations:
D:3 Grinder


Innate Abilities, Weirdness & Mutations

You are surrounded by a mild repulsion field. (EV +2)
You have a small tail.


Message History

The giant cockroach closely misses you. The adder bites you.
You closely miss the bombardier beetle.
The bombardier beetle is heavily wounded.
The giant cockroach barely misses you. The adder bites you.
You are poisoned.
The adder poisons you! The bombardier beetle misses you.
You hit the bombardier beetle.
The bombardier beetle is almost dead.
You feel sick. The adder misses you. The giant cockroach barely misses you.
The bombardier beetle bites you but does no damage.
The adder closely misses you. The giant cockroach bites you.
You hit the bombardier beetle.
The bombardier beetle is almost dead.
You feel sick. The adder barely misses you. The giant cockroach misses you.
The bombardier beetle sprays incendiary fluid at you.
The burning spray hits you.
You are covered in liquid fire!
The adder bites you but does no damage.
You hit the bombardier beetle.
You kill the bombardier beetle!
The liquid fire burns you!
You feel sick. The giant cockroach barely misses you. The adder bites you.
You are more poisoned.
The adder poisons you!
The giant cockroach bites you but does no damage.
Your Stealth skill increases to level 5!
You have reached level 4!
You feel agile.
Your demonic ancestry asserts itself...
You grow a small tail.
You shake off some of the fire as you move.
The liquid fire burns you!
* * * LOW HITPOINT WARNING * * *
x2 You feel sick.
The adder attacks as it pursues you! The adder barely misses you.
The giant cockroach attacks as it pursues you!
The giant cockroach bites you but does no damage.
You shake off some of the fire as you move.
The liquid fire burns you!
* * * LOW HITPOINT WARNING * * *
You die...

# ##. ..## ...##
.... ..#
#######.#
.8.8.8.@###
..........###...
.8.♣.♣.SB.......
# # ##........#
........###
..........#
##..........#
#............
.#.....>.....


You could see an adder and a giant cockroach.

Vanquished Creatures
  A bombardier beetle (D:2)
  Ijyb (D:3)
  A river rat (Sewer)
  4 giant cockroaches
  A hobgoblin (D:3)
  2 jackals (D:3)
  3 kobolds
  2 quokkas (D:3)
  2 bats (D:3)
  A frilled lizard (D:3)
  6 rats
24 creatures vanquished.

Notes
Turn   | Place    | Note
-------+----------+-------------------------------------------
     0 | D:5      | dialectric the Demonspawn Delver began the quest for the
                  | Orb.
     0 | D:5      | Reached XP level 1. HP: 18/18 MP: 1/1
     0 | D:5      | Found a broken altar of Ashenzari.
   252 | D:3      | Noticed Ijyb
   267 | D:3      | Killed Ijyb
   268 | D:3      | Gained mutation: You are surrounded by a mild repulsion
                  | field. (EV +2) [demonic ancestry]
   268 | D:3      | Reached XP level 2. HP: 3/24 MP: 2/2
   388 | D:3      | Reached XP level 3. HP: 29/29 MP: 3/3
   512 | D:3      | Noticed Grinder
   621 | D:3      | Found a glowing drain.
   656 | Sewer    | Entered a sewer
   677 | Sewer    | Reached skill level 1 in Armour
   682 | Sewer    | HP: 1/29 [rat (2)]
   914 | D:2      | Reached skill level 5 in Stealth
   914 | D:2      | Gained mutation: You have a small tail. [demonic ancestry]
   914 | D:2      | Reached XP level 4. HP: 12/35 MP: 4/4
   915 | D:2      | Succumbed to an adder's poison

Illustrated notes

Levels and vault maps discovered:
D:2:      layout_rooms, columned_hall_lemuel, chequers_avenue, kennysheep_potato
D:3:      layout_basic, portal_sewer_entry_f, minmay_misc_feat_square,
          serial_bayou_lake_a, uniq_grinder, uniq_robin, uniq_ijyb
D:4:      layout_gridville, zin_angel, mainiacjoe_overflow_tiny_flanked
D:5:      layout_cave_pools, ashenzari_altar_1, minmay_temple_entry_glass,
          serial_gnoll_camp, gnoll_camp_mini_hut, gnoll_camp_mini_sergeant,
          gnoll_camp_mini_doghouse, gnoll_camp_mini_hut,
          gnoll_camp_mini_doghouse, gnoll_camp_medium_02, chequers_garden,
          minmay_fountain_box, kennysheep_cluttered_room

Skill      XL: |  1  2  3 |
---------------+----------+-----
Maces & Flails | 2 |  2.6
Dodging        | 2 |  2.4
Armour         | 1 |  1.3
Stealth        | 5 |  5.0
Fighting       | |  3.1

Action                     |  1- 3 |  4- 6 || total
---------------------------+-------+-------++-------
  Melee: Mace              |   112 |       ||   112
         Unarmed           |     4 |       ||     4
         Punch             |     1 |       ||     1
   Stab: Sleeping          |     3 |       ||     3
 Armour: Leather armour    |    89 |     1 ||    90
  Dodge: Dodged            |   115 |     1 ||   116
